 Dungeon Crawl Stone Soup version 0.22.1 (webtiles) character file.

30 MalarOregon the Chopper (level 3, -1/33 HPs)
             Began as a Hill Orc Monk on Sept 19, 2018.
             Slain by Natasha (2 damage)
             ... on level 2 of the Dungeon.
             The game lasted 00:01:33 (759 turns).

MalarOregon the Chopper (Hill Orc Monk)              Turns: 759, Time: 00:01:34

Health: -1/33      AC:  5    Str: 13    XL:     3   Next: 18%
Magic:  3/3        EV: 11    Int: 11    God:
Gold:   51         SH:  0    Dex: 13    Spells: 2/2 levels left

rFire    . . .     SeeInvis .   a - +0 hand axe
rCold    . . .     Gourm    .   (no shield)
rNeg     . . .     Faith    .   c - +0 ring mail
rPois    .         Spirit   .   (no helmet)
rElec    .         Reflect  .   (no cloak)
rCorr    .         Harm     .   (no gloves)
MR       .....                  (no boots)
Stlth    +.........             (no amulet)
HPRegen  0.11/turn              (no ring)
MPRegen  0.08/turn              (no ring)

@: slowed, very slow
A: no striking features
a: no special abilities


You were on level 2 of the Dungeon.
You were not hungry.

You visited 1 branch of the dungeon, and saw 2 of its levels.

You collected 51 gold pieces.

Inventory:

Hand Weapons
 a - a +0 hand axe (weapon)
Armour
 c - a +0 ring mail (worn)
   (You found it on level 1 of the Dungeon)
Jewellery
 k - an uncursed ring of protection from fire {unknown}
   (You found it on level 1 of the Dungeon)
Scrolls
 f - a scroll of fear {unknown}
 i - a scroll of enchant weapon {unknown}
 j - a scroll of identify {unknown}
 l - a scroll of magic mapping {unknown}
Potions
 b - a potion of agility {unknown}
 g - 2 potions of haste {unknown}
 h - 2 potions of curing {unknown}
Comestibles
 d - a chunk of flesh
 e - 2 rations {!d}


   Skills:
 + Level 4.0 Fighting
 * Level 4.9 Axes
 + Level 1.2 Armour
 - Level 2.4 Dodging
 - Level 1.5 Stealth


You had 2 spell levels left.
You didn't know any spells.
Your spell library was empty.

Dungeon Overview and Level Annotations

Branches:
Dungeon (2/15)

Altars:

Annotations:
D:2 Natasha


Message History

You barely miss the goblin. The goblin hits you but does no damage.
You barely miss the goblin. You hit the rat.
You kill the rat!
The goblin completely misses you.
You slash the goblin!
You kill the goblin!
You see here a rat corpse.
You butcher the rat corpse.
d - 3 chunks of flesh (gained 1)
There is a stone staircase leading up here.
You start resting.
Some of the chunks of flesh in your inventory have rotted away. x2
Found 15 gold pieces.
No target in view!
A goblin and Natasha come into view.
Natasha hisses angrily.
You see here 15 gold pieces.
The goblin shouts!
Natasha claws you.
You hit Natasha but do no damage. Natasha claws you!
You hit Natasha. Natasha barely misses you.
You barely miss Natasha. You closely miss the goblin.
The goblin closely misses you. Natasha claws you but does no damage.
You hit Natasha. You hit the goblin. The goblin closely misses you.
Natasha claws you.
* * * LOW HITPOINT WARNING * * *
You hit Natasha. You completely miss the goblin.
The goblin hits you but does no damage. Natasha closely misses you.
You closely miss Natasha. You hit the goblin but do no damage.
The goblin closely misses you. Natasha claws you but does no damage.
You miss Natasha. You hit the goblin.
You kill the goblin!
Natasha claws you.
* * * LOW HITPOINT WARNING * * *
You barely miss Natasha. Natasha closely misses you.
You barely miss Natasha. Natasha claws you.
* * * LOW HITPOINT WARNING * * *
You hit Natasha. Natasha claws you.
* * * LOW HITPOINT WARNING * * *
Natasha stares at you and mumbles some strange words.
You feel yourself slow down.
You hit Natasha but do no damage. Natasha closely misses you.
Unknown command.
You hit Natasha.
Natasha stares at you and mumbles some strange words.
You resist with significant effort. Natasha claws you.
* * * LOW HITPOINT WARNING * * *
You hit Natasha. Natasha claws you but does no damage.
You hit Natasha. Natasha claws you.
You die...

#.. ..# #.. ##.#
+#...#..#
......#..#
...........
........#.#
........†h#
♣.♣.♣.♣.♣@#
..........+..
♣.♣.♣.♣.♣.#.#+###
........$........
♣.♣.♣.♣.♣##.....#
................#
♣.♣.♣.♣.♣........
...............##
♣#♣#♣#♣#♣......#


You could see Natasha.

Vanquished Creatures
  A worm (D:2)
  3 bats (D:1)
  2 giant cockroaches (D:1)
  2 hobgoblins (D:1)
  A frilled lizard (D:1)
  7 goblins
  7 kobolds
  3 rats
26 creatures vanquished.

Notes
Turn   | Place    | Note
-------+----------+-------------------------------------------
     0 | D:1      | MalarOregon the Hill Orc Monk began the quest for the Orb.
     0 | D:1      | Reached XP level 1. HP: 19/19 MP: 1/1
   128 | D:1      | Reached XP level 2. HP: 21/27 MP: 2/2
   325 | D:1      | Reached skill level 1 in Armour
   517 | D:2      | Reached XP level 3. HP: 9/33 MP: 3/3
   742 | D:2      | Noticed Natasha
   755 | D:2      | HP: 1/33 [Natasha (6)]
   759 | D:2      | Slain by Natasha

Skill      XL: |  1  2 |
---------------+-------+-----
Armour         | 1 |  1.2
Fighting       | 4 |  4.0
Axes           | |  4.9
Dodging        | |  2.4
Stealth        | |  1.5

Action                   || total
-------------------------++-------
Melee: Hand axe          ||   105
 Stab: Sleeping          ||     1
Armor: Ring mail         ||    29
       Robe              ||     3
Dodge: Dodged            ||    58
